 Dungeon Crawl Stone Soup version 0.21.1-1-g345015fe64 (webtiles) character file.

277 Jannitor the Sneak (level 6, -1/28 HPs)
             Began as a Vine Stalker Earth Elementalist on May 23, 2018.
             Killed by divine providence
             ... invoked by an orc priest
              (9 damage)
             ... on level 3 of the Dungeon.
             The game lasted 00:04:58 (2924 turns).

Jannitor the Sneak (VSEE)                           Turns: 2924, Time: 00:04:59

Health: -1/28      AC:  2    Str: 10    XL:     6   Next: 26%
Magic:  0/10       EV: 12    Int: 17    God:
Gold:   147        SH:  0    Dex: 15    Spells: 2/9 levels left

rFire    . . .     SeeInvis .   h - +0 dagger
rCold    . . .     Gourm    .   (no shield)
rNeg     . . .     Faith    .   c - +0 robe
rPois    .         Spirit   +   (no helmet)
rElec    .         Reflect  .   (no cloak)
rCorr    .         Harm     .   (no gloves)
MR       .....                  (no boots)
Stlth    +++.......             (no amulet)
HPRegen  0.49/turn              (no ring)
MPRegen  0.12/turn              (no ring)

@: no status effects
A: fangs 2, regeneration 1, magic shield, antimagic bite, no potion heal 3, rot
immunity
a: no special abilities


You were on level 3 of the Dungeon.
You were not hungry.

You visited 1 branch of the dungeon, and saw 3 of its levels.

You collected 147 gold pieces.

Inventory:

Hand Weapons
 h - a +0 dagger (weapon)
Missiles
 b - 60 stones (quivered)
Armour
 c - a +0 robe (worn)
Jewellery
 m - an uncursed amulet of regeneration {unknown}
Scrolls
 a - 5 scrolls of teleportation
 f - 2 scrolls of identify {unknown}
 g - a scroll of enchant weapon {unknown}
 i - a scroll of amnesia {unknown}
 p - 2 scrolls of magic mapping {unknown}
 q - a scroll of remove curse {unknown}
 r - a scroll of fear {unknown}
 s - a scroll of immolation {unknown}
Potions
 j - a potion of brilliance {unknown}
 k - a potion of ambrosia {unknown}
 n - a potion of magic {unknown}
 o - 2 potions of curing {unknown}
 t - a potion of berserk rage {unknown}
Books
 e - a book of Geomancy

   Spells                             Type                      Level
   a - Sandblast                      Earth                        1
   b - Passwall                       Transmutation/Earth          2
   c - Stone Arrow                    Conjuration/Earth            3
   d - Petrify                        Transmutation/Earth          4
   e - Lee's Rapid Deconstruction     Earth                        5
Comestibles
 d - 8 rations


   Skills:
 + Level 2.4 Short Blades
 - Level 1.5 Dodging
 + Level 5.4 Stealth
 - Level 2.1 Spellcasting
 - Level 1.0 Transmutations
 + Level 4.7 Earth Magic


You had 2 spell levels left.
You knew the following spells:

 Your Spells              Type           Power        Failure   Level  Hunger
a - Sandblast             Erth           ###...       2%          1    #......
b - Passwall              Tmut/Erth      ##........   9%          2    ###....
c - Petrify               Tmut/Erth      ##......     50%         4    #####..


Dungeon Overview and Level Annotations

Branches:
Dungeon (3/15)

Altars:

Annotations:
D:3 topfpfpflanze's ghost, amateur DEFE


Innate Abilities, Weirdness & Mutations

You have extremely sharp teeth.
Your natural rate of healing is unusually fast.
When hurt, damage is shared between your health and your magic reserves.
Your bite disrupts and absorbs the magic of your enemies.
Potions cannot restore your health.
You are immune to rotting.


Message History

You hit the orc.
The orc is severely wounded.
The orc hits you.
You completely miss the orc.
The orc is severely wounded.
The orc hits you.
The orc priest shouts!
You hit the orc.
You kill the orc!
The orc priest mumbles some strange prayers to Beogh against you.
Beogh smites you!
The orc priest invokes the aid of Beogh against you.
Beogh smites you!
* * * LOW HITPOINT WARNING * * *
Casting: Sandblast
Confirm with . or Enter, or press ? or * to list all spells.
You can't see any susceptible monsters within range! (Use Z to cast anyway.)
The orc priest calls down the wrath of Beogh upon you.
Beogh smites you!
You die...

#................ .......
#....##......#.## #......
....##......# # # #......
#.#.#######.# .# #.....
######.#.# #.# ##..# ####....
..<#.....# #.##.....##.....##
........## #####.#.o...........o.
.........###...#................(
.........##.....@...........o..o(
............................oo...
.........#....)............o..o..
.........#....)..................
###.#....##)....(................
#.............................#
#......########.#............#.
#......# .#######...... .
###....# .#


You could see an orc priest.

Vanquished Creatures
  A centaur (D:3)
  3 orc wizards (D:3)
  A gnoll (D:1)
  2 adders
  2 worms (D:2)
  6 dart slugs
  2 leopard geckos
  12 orcs (D:3)
  9 bats
  5 giant cockroaches
  3 goblins
  4 hobgoblins
  5 kobolds
  2 quokkas (D:2)
  A frilled lizard (D:2)
  7 rats
65 creatures vanquished.

Notes
Turn   | Place    | Note
-------+----------+-------------------------------------------
     0 | D:1      | Jannitor the Vine Stalker Earth Elementalist began the quest for the Orb.
     0 | D:1      | Reached XP level 1. HP: 9/9 MP: 4/4
   199 | D:1      | Reached XP level 2. HP: 12/13 MP: 1/6
   272 | D:1      | Reached skill level 3 in Stealth
   482 | D:1      | Reached XP level 3. HP: 16/16 MP: 7/7
  1636 | D:2      | Reached skill level 4 in Stealth
  1672 | D:2      | Gained mutation: Your natural rate of healing is unusually fast. [Vine Stalker growth]
  1672 | D:2      | Reached XP level 4. HP: 15/21 MP: 3/8
  1909 | D:2      | Reached skill level 1 in Short Blades
  2064 | D:3      | Noticed topfpfpflanze's ghost (amateur DEFE)
  2447 | D:3      | Reached XP level 5. HP: 12/24 MP: 1/9
  2453 | D:3      | HP: 1/24 [orc/short sword (6)]
  2634 | D:3      | Learned a level 2 spell: Passwall
  2637 | D:3      | Noticed a centaur
  2639 | D:3      | Learned a level 4 spell: Petrify
  2692 | D:3      | Killed a centaur
  2692 | D:3      | Reached skill level 5 in Stealth
  2692 | D:3      | Reached XP level 6. HP: 16/28 MP: 0/10
  2924 | D:3      | Killed from afar by an orc priest

Skill      XL: |  1  2  3  4  5 |
---------------+----------------+-----
Stealth        | 3 4 5 |  5.4
Short Blades   | 1 2 |  2.4
Earth Magic    | 4 |  4.7
Dodging        | |  1.5
Spellcasting   | |  2.1
Transmutations | |  1.0

Action                   |  1- 3 |  4- 6 || total
-------------------------+-------+-------++-------
Melee: Unarmed           |     1 |       ||     1
       Dagger            |    54 |   112 ||   166
       Bite              |     6 |    26 ||    32
 Cast: Sandblast         |    25 |    40 ||    65
  Use: Scroll            |       |     1 ||     1
 Stab: Sleeping          |     7 |     3 ||    10
  Eat: Chunk             |     3 |     4 ||     7
Armor: Robe              |    16 |    41 ||    57
Dodge: Dodged            |    45 |    91 ||   136
